AoeStats
← 非宁静无以致远

Socotra

504476247Analyzed
4v4 RM · 25d ago on Sep 5, 2026· 32m 46s· 8 players
Game mode
Random Map
Map size
148×148
Population
200
Speed
Normal
Resources
Standard
Victory
Conquest
Starting age
Dark Age
Ending age
Imperial Age
RankedLock teamsTeams togetherTeam positionsShared explorationLock speedFull tech treeHidden civsTurbo modeCheats
Victory
Defeat
🇨🇳 Persians · China
1180
+14
🇦🇷 Mongols · Argentina
1128
+16
🇭🇰 Huns · Hong Kong SAR China
1091
+17
🇨🇳 Tupi · China
1084
+17
🇭🇰 Khitans · Hong Kong SAR China
1151
-17
🇷🇴 Mongols · Romania
1126
-16
1116
-16
🇭🇰 Ethiopians · Hong Kong SAR China
1097
-15
Sageata
8:28 Feudal Age
8:52 Loom
8:49 Man-at-Arms
9:41 Double-Bit Axe
15:56 Fletching
18:09 Horse Collar
19:40 Padded Archer Armor
25:19 Castle Age
25:32 Crossbowman
26:09 Bodkin Arrow
28:33 Scale Barding Armor
29:11 Forging
神山菊花
1:15 Loom
10:18 Feudal Age
10:45 Town Watch
10:51 Double-Bit Axe
15:02 Forging
21:23 Fletching
27:16 Castle Age
27:18 Wheelbarrow
29:14 Iron Casting
28:46 Scale Barding Armor
30:33 Wheelbarrow
32:03 Husbandry
非宁静无以致远
5:46 Loom
15:26 Feudal Age
17:05 Double-Bit Axe
17:29 Fletching
25:23 Castle Age
23:47 Horse Collar
26:31 Bodkin Arrow
矿矿矿矿矿矿矿工
0:58 Loom
11:21 Feudal Age
22:52 Castle Age
20:51 Man-at-Arms
21:40 Horse Collar
22:03 Double-Bit Axe
24:45 Forging
26:16 Pikeman
27:01 Scale Mail Armor
Jimmy Jay
9:45 Feudal Age
12:02 Double-Bit Axe
14:27 Castle Age
12:25 Double-Bit Axe
13:06 Horse Collar
13:32 Gold Mining
14:04 Fletching
15:35 Padded Archer Armor
20:49 Wheelbarrow
21:49 Husbandry
22:23 Loom
22:52 Bow Saw
22:50 Heavy Plow
33:01 Imperial Age
31:56 Hand Cart
32:32 Bodkin Arrow
32:59 Ballistics
32:56 Leather Archer Armor
火之神神樂
0:54 Loom
16:05 Feudal Age
17:49 Double-Bit Axe
19:27 Horse Collar
26:33 Castle Age
25:33 Gold Mining
25:35 Stone Mining
26:22 Wheelbarrow
26:20 Scale Barding Armor
27:53 Bow Saw
27:47 Heavy Plow
28:30 Gold Shaft Mining
30:41 Chain Barding Armor
33:06 Forging
孤鸿
6:32 Loom
9:06 Feudal Age
9:42 Double-Bit Axe
10:09 Horse Collar
18:01 Gold Mining
19:38 Scale Barding Armor
21:35 Castle Age
19:48 Forging
21:14 Bloodlines
22:43 Chain Barding Armor
23:10 Husbandry
23:53 Wheelbarrow
27:39 Bow Saw
GoMidNotCorner
4:02 Loom
11:44 Feudal Age
11:46 Champi Runner
12:16 Double-Bit Axe
12:36 Arson
14:37 Forging
15:04 Scale Mail Armor
15:26 Horse Collar
16:45 Town Watch
20:17 Fletching
25:46 Wheelbarrow
32:06 Castle Age
32:09 Champi Warrior
33:39 Iron Casting
33:20 Chain Mail Armor
33:09 Squires
Connection lost

Rejoining the realm…

Still unreachable

The connection could not be restored.

Session expired

The server has moved on; the page needs a fresh start.